SL
MISSISSIPPI MOCKINGBIRDS @ FT. WORTH CATTLEMEN
08/31/2042
 
TOP OF THE 1ST
Mississippi Mockingbirds batting - Pitching for Ft. Worth Cattlemen : LHP Shigochiyo Tanaka
Pitching: LHP Shigochiyo Tanaka
Batting: LHB Jesús Lazcano 0-0: Ground out 6-3 (Groundball, 6, EV 106.9 MPH)
Batting: RHB Yong-hong Ren 0-0: Ball
1-0: Called Strike
1-1: Fly out, F3 (Popup, 3F, EV 76.9 MPH)
Batting: LHB Rylen Roersma 0-0: Ground out 5-3 (Groundball, 5L, EV 82.5 MPH)
Top of the 1st over - 0 runs, 0 hits, 0 errors, 0 left on base; Mississippi 0 - Ft. Worth 0
BOTTOM OF THE 1ST
Ft. Worth Cattlemen batting - Pitching for Mississippi Mockingbirds : RHP Ernesto López
Pitching: RHP Ernesto López
Batting: LHB Shawn Kyllo 0-0: Swinging Strike
0-1: Ball
1-1: Ball
2-1: Ball
3-1: Swinging Strike
3-2: Foul Ball, location: 2F
3-2: Strikes out swinging
Batting: LHB Blake Browning 0-0: Ball
1-0: Ball
2-0: Ball
3-0: Base on Balls
Batting: LHB Semo Hoaloha 0-0: Grounds out, U3 (Groundball, 3L, EV 109.4 MPH)
Batting: SHB Kolby Hay 0-0: Ball
1-0: Ball
2-0: Ball
Wild Pitch!
Blake Browning to third
3-0: Called Strike
3-1: Base on Balls
Batting: RHB Tae-cho Han 0-0: Ball
1-0: Ball
2-0: Called Strike
2-1: Ball
3-1: Called Strike
3-2: Ground out 1-3 (Groundball, 13, EV 90.0 MPH)
Bottom of the 1st over - 0 runs, 0 hits, 0 errors, 2 left on base; Mississippi 0 - Ft. Worth 0
TOP OF THE 2ND
Mississippi Mockingbirds batting - Pitching for Ft. Worth Cattlemen : LHP Shigochiyo Tanaka
Batting: RHB Júlio Coronado 0-0: Foul Ball, location: 2F
0-1: SINGLE (Groundball, 56D, EV 99.4 MPH)
Batting: RHB Doug Allerdale 0-0: Foul Ball, location: 2F
0-1: Foul Ball, location: 2F
0-2: Ball
1-2: Strikes out swinging
Batting: RHB Jesús Capmany 0-0: Called Strike
0-1: Swinging Strike
0-2: Ball
1-2: Foul Ball, location: 2F
1-2: Fly out, F9 (Line Drive, 9D, EV 102.5 MPH)
Batting: SHB Jorge Indiano 0-0: Ball
1-0: Fly out, F4 (Line Drive, 4, EV 67.5 MPH)
Top of the 2nd over - 0 runs, 1 hit, 0 errors, 1 left on base; Mississippi 0 - Ft. Worth 0
BOTTOM OF THE 2ND
Ft. Worth Cattlemen batting - Pitching for Mississippi Mockingbirds : RHP Ernesto López
Batting: SHB Bren Spillane 0-0: Ball
1-0: Ball
2-0: Ball
3-0: Base on Balls
Batting: RHB Peter Holland 0-0: Fielders Choice at 2nd, 5-4 (Groundball, 56, EV 85.6 MPH)
Batting: RHB Min-gook Ch'oe 0-0: Called Strike
0-1: Foul Ball, location: 2F
0-2: Strikes out looking
Batting: RHB Lonnie Doble 0-0: Ball
1-0: SINGLE (Groundball, 6MD, EV 103.1 MPH)
Peter Holland to second
Runner from 2nd tries for 3rd, SAFE, no throw by CF
Batting: LHB Shawn Kyllo 0-0: Swinging Strike
0-1: Called Strike
0-2: Foul Ball, location: 2F
0-2: Ball
1-2: Ball
2-2: Strikes out swinging
Bottom of the 2nd over - 0 runs, 1 hit, 0 errors, 2 left on base; Mississippi 0 - Ft. Worth 0
TOP OF THE 3RD
Mississippi Mockingbirds batting - Pitching for Ft. Worth Cattlemen : LHP Shigochiyo Tanaka
Batting: LHB Wu-shun Chu 0-0: Ball
1-0: Called Strike
1-1: Called Strike
1-2: Strikes out swinging
Batting: RHB Jorge Muńóz 0-0: Ball
1-0: Ball
2-0: Ball
3-0: Called Strike
3-1: Foul Ball, location: 2F
3-2: Foul Ball, location: 2F
3-2: Ground out U3 (Groundball, 34S, EV 87.5 MPH)
Batting: LHB Jesús Lazcano 0-0: Ball
1-0: Fly out, F8 (Line Drive, 8LD, EV 92.5 MPH)
Top of the 3rd over - 0 runs, 0 hits, 0 errors, 0 left on base; Mississippi 0 - Ft. Worth 0
BOTTOM OF THE 3RD
Ft. Worth Cattlemen batting - Pitching for Mississippi Mockingbirds : RHP Ernesto López
Batting: LHB Blake Browning 0-0: Called Strike
0-1: Swinging Strike
0-2: Ball
1-2: Hit by Pitch
Batting: LHB Semo Hoaloha 0-0: Ball
1-0: Foul Ball, location: 2F
1-1: Ball
2-1: Foul Ball, location: 2F
2-2: Ball
3-2: Fly out, F8 (Line Drive, 8RD, EV 88.1 MPH)
Batting: SHB Kolby Hay 0-0: Called Strike
0-1: Grounds into double play, 6-4-3 (Groundball, 6, EV 86.2 MPH)
Bottom of the 3rd over - 0 runs, 0 hits, 0 errors, 0 left on base; Mississippi 0 - Ft. Worth 0
TOP OF THE 4TH
Mississippi Mockingbirds batting - Pitching for Ft. Worth Cattlemen : LHP Shigochiyo Tanaka
Batting: RHB Yong-hong Ren 0-0: Ball
1-0: SINGLE (Line Drive, 9S, EV 91.2 MPH)
Batting: LHB Rylen Roersma 0-0: Called Strike
0-1: Ball
1-1: Swinging Strike
1-2: Ball
Yong-hong Ren steals 2nd base
2-2: Fly out, F5 (Line Drive, 5, EV 66.9 MPH)
Batting: RHB Júlio Coronado 0-0: Foul Ball, location: 2F
0-1: Ball
1-1: Foul Ball, location: 2F
1-2: Ball
2-2: Ball
3-2: Foul Ball, location: 2F
3-2: Foul Ball, location: 2F
3-2: Base on Balls
Batting: RHB Doug Allerdale 0-0: Ball
1-0: Foul Ball, location: 2F
1-1: Grounds into double play, 6-4-3 (Groundball, 56, EV 80.0 MPH)
Top of the 4th over - 0 runs, 1 hit, 0 errors, 1 left on base; Mississippi 0 - Ft. Worth 0
BOTTOM OF THE 4TH
Ft. Worth Cattlemen batting - Pitching for Mississippi Mockingbirds : RHP Ernesto López
Batting: RHB Tae-cho Han 0-0: Ball
1-0: Foul Ball, location: 2F
1-1: Ball
2-1: Fly out, F9 (Flyball, 89M, EV 89.4 MPH)
Batting: SHB Bren Spillane 0-0: Ball
1-0: Called Strike
1-1: Ball
2-1: Ground out U3 (Groundball, 34, EV 109.4 MPH)
Batting: RHB Peter Holland 0-0: Ball
1-0: Foul Ball, location: 2F
1-1: Called Strike
1-2: Fly out, F3 (Popup, 3F, EV 71.9 MPH)
Bottom of the 4th over - 0 runs, 0 hits, 0 errors, 0 left on base; Mississippi 0 - Ft. Worth 0
TOP OF THE 5TH
Mississippi Mockingbirds batting - Pitching for Ft. Worth Cattlemen : LHP Shigochiyo Tanaka
Batting: RHB Jesús Capmany 0-0: Swinging Strike
0-1: Fly out, F9 (Flyball, 9S, EV 93.1 MPH)
Batting: SHB Jorge Indiano 0-0: Called Strike
0-1: Ball
1-1: DOUBLE (Line Drive, 8RXD, EV 105.0 MPH)
Batting: LHB Wu-shun Chu 0-0: Ball
1-0: Ball
2-0: Foul Ball, location: 2F
2-1: Ball
3-1: Called Strike
3-2: Strikes out swinging
Batting: RHB Jorge Muńóz 0-0: Ground out 6-3 (Groundball, 6, EV 84.4 MPH)
Top of the 5th over - 0 runs, 1 hit, 0 errors, 1 left on base; Mississippi 0 - Ft. Worth 0
BOTTOM OF THE 5TH
Ft. Worth Cattlemen batting - Pitching for Mississippi Mockingbirds : RHP Ernesto López
Batting: RHB Min-gook Ch'oe 0-0: Ball
1-0: Ball
2-0: SINGLE (Groundball, 6MD, EV 93.8 MPH)
Batting: RHB Lonnie Doble 0-0: Sac Bunt to P - play at first, batter OUT! 1-3
Min-gook Ch'oe to second
Batting: LHB Shawn Kyllo 0-0: Foul Ball, location: 2F
0-1: Ground out 4-3 (Groundball, 34, EV 109.4 MPH)
Min-gook Ch'oe to third
Batting: LHB Blake Browning 0-0: Ball
1-0: SINGLE (Line Drive, 9LS, EV 105.0 MPH)
Min-gook Ch'oe scores
Batting: LHB Semo Hoaloha 0-0: Ball
1-0: Called Strike
1-1: Fly out, F8 (Flyball, 8RS, EV 83.1 MPH)
Bottom of the 5th over - 1 run, 2 hits, 0 errors, 1 left on base; Mississippi 0 - Ft. Worth 1
TOP OF THE 6TH
Mississippi Mockingbirds batting - Pitching for Ft. Worth Cattlemen : LHP Shigochiyo Tanaka
Batting: LHB Jesús Lazcano 0-0: Foul Ball, location: 2F
0-1: SINGLE (Line Drive, 6D, EV 93.8 MPH)
Batting: RHB Yong-hong Ren 0-0: Ball
1-0: Ball
2-0: Foul Ball, location: 2F
2-1: Swinging Strike
2-2: Foul Ball, location: 2F
2-2: Fly out, F8 (Flyball, 8LD, EV 104.4 MPH)
Batting: LHB Rylen Roersma 0-0: Fly out, F3 (Popup, 23, EV 88.8 MPH)
Batting: RHB Júlio Coronado 0-0: Called Strike
0-1: Ball
1-1: Called Strike
1-2: Ball
2-2: Fly out, F8 (Flyball, 8LM, EV 86.9 MPH)
Top of the 6th over - 0 runs, 1 hit, 0 errors, 1 left on base; Mississippi 0 - Ft. Worth 1
BOTTOM OF THE 6TH
Ft. Worth Cattlemen batting - Pitching for Mississippi Mockingbirds : RHP Ernesto López
Batting: SHB Kolby Hay 0-0: Ball
1-0: DOUBLE (Flyball, 8LXD, EV 94.4 MPH)
Batting: RHB Tae-cho Han 0-0: Ball
1-0: Called Strike
1-1: Ball
2-1: Ball
3-1: Called Strike
3-2: Foul Ball, location: 2F
3-2: Hit by Pitch
Batting: SHB Bren Spillane 0-0: Called Strike
0-1: 3-RUN HOME RUN (Flyball, 9LD, EV 90.0 MPH), Distance : 354 ft
Batting: RHB Peter Holland 0-0: Called Strike
0-1: Ground out 5-3 (Groundball, 5S, EV 85.0 MPH)
Batting: RHB Min-gook Ch'oe 0-0: Foul Ball, location: 2F
0-1: Ball
1-1: Foul Ball, location: 2F
1-2: Strikes out swinging
Batting: RHB Lonnie Doble 0-0: Called Strike
0-1: Ball
1-1: Called Strike
1-2: Strikes out swinging
Bottom of the 6th over - 3 runs, 2 hits, 0 errors, 0 left on base; Mississippi 0 - Ft. Worth 4
TOP OF THE 7TH
Mississippi Mockingbirds batting - Pitching for Ft. Worth Cattlemen : LHP Shigochiyo Tanaka
Batting: RHB Doug Allerdale 0-0: Called Strike
0-1: Swinging Strike
0-2: Strikes out swinging
Batting: RHB Jesús Capmany 0-0: Ball
1-0: Fly out, F9 (Flyball, 9S, EV 86.9 MPH)
Batting: SHB Jorge Indiano 0-0: Called Strike
0-1: Called Strike
0-2: Strikes out swinging
Top of the 7th over - 0 runs, 0 hits, 0 errors, 0 left on base; Mississippi 0 - Ft. Worth 4
BOTTOM OF THE 7TH
Ft. Worth Cattlemen batting - Pitching for Mississippi Mockingbirds : RHP Ernesto López
Pitching: RHP Von Hansen
Batting: LHB Shawn Kyllo 0-0: Ground out 6-3 (Groundball, 4MD, EV 83.1 MPH)
Batting: LHB Blake Browning 0-0: Fly out, F8 (Line Drive, 8LD, EV 90.0 MPH)
Batting: LHB Semo Hoaloha 0-0: Called Strike
0-1: Ball
1-1: Swinging Strike
1-2: Fly out, F5 (Popup, 6, EV 55.6 MPH)
Bottom of the 7th over - 0 runs, 0 hits, 0 errors, 0 left on base; Mississippi 0 - Ft. Worth 4
TOP OF THE 8TH
Mississippi Mockingbirds batting - Pitching for Ft. Worth Cattlemen : LHP Shigochiyo Tanaka
Batting: LHB Wu-shun Chu 0-0: Called Strike
0-1: Ball
1-1: Ground out 6-3 (Groundball, 4M, EV 105.6 MPH)
Batting: RHB Jorge Muńóz 0-0: Ball
1-0: Swinging Strike
1-1: Swinging Strike
1-2: Foul Ball, location: 2F
1-2: Ground out 6-3 (Groundball, 6S, EV 71.2 MPH)
Batting: LHB Jesús Lazcano 0-0: Called Strike
0-1: Ground out 4-3 (Groundball, 4M, EV 84.4 MPH)
Top of the 8th over - 0 runs, 0 hits, 0 errors, 0 left on base; Mississippi 0 - Ft. Worth 4
BOTTOM OF THE 8TH
Ft. Worth Cattlemen batting - Pitching for Mississippi Mockingbirds : RHP Von Hansen
Batting: SHB Kolby Hay 0-0: Ball
1-0: Foul Ball, location: 2F
1-1: Ground out 4-3 (Groundball, 34, EV 95.0 MPH)
Batting: RHB Tae-cho Han 0-0: Ball
1-0: Ball
2-0: Ball
3-0: Called Strike
3-1: Swinging Strike
3-2: Base on Balls
Batting: SHB Bren Spillane 0-0: Called Strike
0-1: Fly out, F3 (Popup, 3SF, EV 67.5 MPH)
Batting: RHB Peter Holland 0-0: Ball
1-0: Foul Ball, location: 2F
1-1: Foul Ball, location: 2F
1-2: Ball
2-2: DOUBLE (Line Drive, 9LS, EV 99.4 MPH)
Tae-cho Han to third
Runner from 3rd tries for Home, SAFE, throw by RF to trailing runner, OUT at third! 9-4-5
Bottom of the 8th over - 1 run, 1 hit, 0 errors, 0 left on base; Mississippi 0 - Ft. Worth 5
TOP OF THE 9TH
Mississippi Mockingbirds batting - Pitching for Ft. Worth Cattlemen : LHP Shigochiyo Tanaka
Pitching: RHP Tom Scots
Batting: RHB Yong-hong Ren 0-0: Ball
1-0: Foul Ball, location: 2F
1-1: SINGLE (Line Drive, 8LS, EV 95.0 MPH)
Batting: LHB Rylen Roersma 0-0: Foul Ball, location: 2F
0-1: Grounds into double play, 5-4-3 (Groundball, 5, EV 106.9 MPH)
Batting: RHB Júlio Coronado 0-0: Called Strike
0-1: Foul Ball, location: 2F
0-2: Ball
1-2: Ball
2-2: Foul Ball, location: 2F
2-2: Ball
3-2: Foul Ball, location: 2F
3-2: Strikes out swinging
Top of the 9th over - 0 runs, 1 hit, 0 errors, 0 left on base; Mississippi 0 - Ft. Worth 5
Friday, March 26th, 2021 - OOTP Baseball 20.8 Build 74